AoeStats
← Michi3052

Arabia

507769061Analyzed
1v1 RM · 13d ago on Sep 19, 2026· 36m 31s· 2 players
Game mode
Random Map
Map size
Tiny (2 player)
Population
200
Speed
Normal
Resources
Standard
Victory
Conquest
Starting age
Dark Age
Ending age
Imperial Age
RankedLock teamsTeams togetherTeam positionsShared explorationLock speedFull tech treeHidden civsTurbo modeCheats
Victory
Defeat
🇫🇮 Khmer · Finland
739
+16
🇪🇸 Huns · Spain
729
-16
Michi3052
4:39 Loom
12:46 Feudal Age
18:39 Bloodlines
18:58 Double-Bit Axe
22:03 Scale Barding Armor
26:51 Castle Age
26:22 Stone Mining
27:29 Pikeman
34:31 Wheelbarrow
34:10 Marauders
36:30 Fletching
36:41 Padded Archer Armor
kakezki
7:13 Loom
10:32 Feudal Age
11:20 Double-Bit Axe
18:36 Gold Mining
21:54 Castle Age
21:07 Bloodlines
22:03 Light Cavalry
24:43 Scale Barding Armor
25:23 Forging
29:32 Bow Saw
29:47 Crossbowman
31:55 Chain Barding Armor
32:37 Fletching
33:47 Bodkin Arrow
34:31 Iron Casting
35:15 Padded Archer Armor
37:35 Wheelbarrow
36:46 Town Watch
Connection lost

Rejoining the realm…

Still unreachable

The connection could not be restored.

Session expired

The server has moved on; the page needs a fresh start.